Map: Dusk Towers

Players

Ailee (Azure) - Winner!

  • Race: Terran Terran
  • League: Master

Yesteryear

  • Race: Zerg Zerg
  • League: Diamond

VOD

Have the link to the VOD?

Description

Time

  • Played on: Nov. 15, 2015, 3:40 a.m.
  • Length: 10:09
Show
View Real Time Build Order
Export as new Build Order

Ailee Terran - Winner!

Build Orders: Liberator Opening, Reaper Expand, MMM Bio 

Get SALT Encoding   

  12  0:04  SCV  
  13  0:16  SCV  
  13  0:21  Supply Depot  
  14  0:28  SCV  
  15  0:42  SCV  
  16  0:44  Barracks  
  16  0:49  Refinery  
  16  0:54  SCV  
  17  1:06  SCV  
  18  1:18  SCV  
  19  1:36  Orbital Command  
  19  1:37  Reaper  
  20  1:43  Command Center  
  20  1:51  Supply Depot  
  20  1:58  Refinery  
  20  2:03  SCV  
  21  2:09  Reaper  
  21  2:15  SCV  
  23  2:27  SCV  
  23  2:29  Factory  
  24  2:39  SCV  
  24  2:43  Barracks Reactor  
  25  2:51  SCV  
  25  2:52  Command Center  
  26  3:01  Orbital Command  
  26  3:04  SCV  
  27  3:16  SCV  
  28  3:22  Starport  
  28  3:28  SCV  
  28  3:31  SCV  
  30  3:37  Hellion x2  
  30  3:38  Barracks Tech Lab  
  30  3:40  SCV  
  35  3:43  SCV  
  35  3:44  Liberator  
  36  3:52  SCV  
  36  3:55  SCV  
  38  3:57  Marine  
  38  3:59  Hellion x2, Stimpack  
  46  4:04  SCV  
  46  4:09  SCV  
  49  4:11  Orbital Command  
  49  4:15  Marine  
  49  4:16  SCV  
  50  4:22  Hellion x2  
  50  4:23  SCV  
  55  4:28  SCV  
  56  4:32  Engineering Bay  
  56  4:37  Engineering Bay  
  53  4:39  SCV x2, Supply Depot  
  53  4:41  SCV  
  55  4:45  Liberator  
  55  4:50  Hellion x2  
  55  4:51  SCV  
  55  4:52  Marine  
  61  5:01  SCV x2  
  61  5:04  Terran Infantry Weapons Level 1, Terran Infantry Armor Level 1  
  61  5:05  SCV  
  67  5:10  Refinery  
  67  5:13  SCV  
  68  5:15  SCV  
  69  5:24  Factory Reactor  
  69  5:27  Barracks x2  
  69  5:28  Supply Depot  
  69  5:29  Refinery, Orbital Command  
  69  5:31  Supply Depot  
  69  5:48  Starport Reactor  
  71  5:50  SCV x2, Barracks, Marine  
  71  5:51  Barracks  
  72  6:02  SCV x2  
  71  6:04  SCV  
  72  6:11  Combat Shields  
  72  6:12  Marine  
  72  6:14  SCV x2  
  72  6:16  SCV  
  76  6:20  Supply Depot, Factory Reactor, Armory  
  76  6:26  SCV x2  
  76  6:28  SCV, Marine  
  76  6:30  Marine  
  81  6:36  Marine x2  
  81  6:37  Marine  
  81  6:38  SCV  
  81  6:39  Barracks Reactor  
  85  6:40  Barracks Reactor  
  85  6:41  SCV x2, Medivac x2  
  85  6:42  Supply Depot, Refinery  
  85  6:46  Marine  
  92  6:47  Supply Depot  
  92  6:49  Supply Depot  
  92  6:50  SCV  
  93  6:59  Supply Depot x2  
  93  7:04  SCV x2, Marine x4  
  93  7:05  SCV, Barracks  
  93  7:06  Barracks  
  93  7:07  Barracks  
  100  7:09  Factory Tech Lab  
  100  7:10  Marine  
  100  7:13  Medivac  
  103  7:16  SCV x2  
  103  7:17  SCV, Terran Infantry Weapons Level 2  
  103  7:20  Terran Infantry Armor Level 2  
  103  7:21  Marine  
  107  7:26  Hellion, Marine x3  
  107  7:27  Marine x2  
  107  7:28  SCV x2  
  114  7:31  Siege Tank  
  114  7:32  SCV  
  114  7:35  Supply Depot  
  118  7:44  Marine x4  
  118  7:45  Marauder, Marine x4  
  118  7:47  Medivac  
  118  7:49  Medivac  
  118  7:50  SCV  
  133  7:55  Barracks Tech Lab x2  
  133  7:56  Marine x2  
  136  7:59  Supply Depot  
  136  8:00  Supply Depot  
  136  8:02  Terran Vehicle Weapons Level 1, Marine x2  
  140  8:08  Refinery  
  140  8:10  Command Center, Marauder, Marine  
  140  8:11  Marine  
  141  8:18  Missile Turret  
  141  8:19  Missile Turret  
  141  8:20  Marauder, Marine x3  
  141  8:22  Missile Turret, Marine  
  141  8:24  Marine  
  141  8:25  Marine  
  141  8:26  Marauder  
  151  8:31  Marauder  
  151  8:34  Marine x2  
  150  8:38  Marine x3  
  155  8:42  Marauder  
  157  8:51  Marine x2  
  157  8:52  Marine  
  157  8:54  Marine  
  157  8:56  Marine  
  157  8:57  Supply Depot, Medivac  
  157  9:00  Concussive Shells  
  157  9:01  Supply Depot  
  157  9:02  Supply Depot  
  157  9:12  Starport  
  157  9:14  Supply Depot  
  157  9:19  Marauder x2, Medivac, Marine x2  
  157  9:22  Marauder, Marine x7  
  174  9:25  Fusion Core  
  174  9:41  Marauder x2  
  174  9:43  Missile Turret  
  178  9:46  Missile Turret  
Show
View Real Time Build Order
Export as new Build Order

Yesteryear Zerg 

Build Orders: Hatch First, Muta Ling Bane 

Get SALT Encoding   

  12  0:01  Drone  
  13  0:13  Overlord  
  13  0:17  Drone  
  14  0:31  Drone x2  
  16  0:35  Drone  
  17  0:46  Drone  
  18  0:58  Hatchery  
  18  1:02  Drone  
  18  1:18  Spawning Pool  
  18  1:20  Drone  
  18  1:21  Drone  
  18  1:29  Drone  
  18  1:32  Extractor  
  18  1:39  Drone  
  19  1:52  Overlord  
  19  2:04  Queen  
  19  2:06  Zergling x2  
  22  2:10  Queen  
  22  2:11  Drone x2  
  26  2:22  Drone  
  27  2:23  Drone  
  28  2:32  Metabolic Boost  
  28  2:38  Zergling x2  
  28  2:40  Drone, Queen  
  31  2:46  Overlord  
  31  2:49  Drone  
  31  2:51  Queen  
  32  2:55  Drone  
  32  2:56  Drone  
  36  3:05  Drone  
  37  3:07  Overlord  
  37  3:13  Zergling x4  
  37  3:16  Pneumatized Carapace  
  39  3:23  Zergling x2  
  39  3:24  Zergling x2  
  39  3:26  Queen  
  40  3:27  Overlord  
  42  3:36  Zergling x6  
  42  3:38  Drone x2  
  47  3:44  Drone  
  47  3:48  Overlord  
  48  3:49  Drone  
  48  3:50  Drone  
  48  3:55  Drone x2  
  52  4:01  Overlord  
  52  4:02  Queen  
  52  4:09  Drone x3  
  58  4:10  Drone  
  58  4:14  Overlord  
  58  4:18  Lair  
  57  4:34  Zergling x2  
  57  4:35  Zergling x6  
  61  4:38  Hatchery  
  61  4:41  Extractor x2  
  58  4:48  Drone x3  
  58  4:49  Drone x2  
  58  4:52  Baneling Nest  
  62  4:55  Roach Warren  
  61  5:00  Drone x2  
  61  5:02  Evolution Chamber  
  62  5:08  Drone  
  62  5:13  Drone  
  64  5:14  Drone x3, Extractor  
  64  5:18  Spire  
  64  5:20  Drone  
  63  5:22  Evolution Chamber  
  62  5:31  Overlord  
  62  5:32  Overlord  
  62  5:33  Overlord  
  61  5:44  Roach x2  
  61  5:45  Roach x3  
  61  5:48  Glial Reconstitution  
  68  5:58  Drone x4  
  68  5:59  Drone  
  73  6:09  Drone x3  
  73  6:10  Drone  
  77  6:15  Zerg Ground Armor Level 1  
  77  6:17  Zerg Melee Weapons Level 1  
  77  6:20  Roach x3  
  79  6:29  Queen  
  79  6:31  Ravager  
  79  6:33  Ravager  
  79  6:35  Drone x4  
  79  6:36  Drone x4  
  79  6:37  Extractor  
  79  6:38  Ravager, Extractor  
  86  6:41  Overlord  
  86  6:43  Roach  
  86  6:46  Roach x2  
  92  6:58  Overlord  
  92  7:03  Zergling x10  
  92  7:04  Centrifical Hooks, Zergling x6  
  100  7:09  Drone  
  100  7:12  Drone  
  100  7:13  Drone x3  
  100  7:14  Baneling x4  
  100  7:15  Baneling x2  
  105  7:18  Drone x4  
  109  7:24  Zergling x4  
  111  7:30  Hatchery  
  111  7:32  Mutalisk x2  
  114  7:38  Overlord  
  114  7:40  Overlord  
  114  7:50  Overlord  
  114  7:51  Overlord  
  114  7:52  Overlord  
  114  7:56  Zerg Flyer Weapons Level 1  
  114  7:57  Mutalisk x3  
  120  7:59  Zergling x2  
  120  8:00  Zergling x10  
  120  8:04  Mutalisk  
  128  8:07  Overseer  
  128  8:24  Mutalisk x2  
  128  8:25  Mutalisk  
  132  8:36  Mutalisk x2  
  124  8:44  Drone x2  
  124  8:45  Drone  
  120  8:48  Drone x2  
  120  8:49  Drone x4  
  120  8:54  Drone x5  
  120  8:55  Drone x2  
  126  8:58  Queen  
  128  9:02  Baneling  
  128  9:03  Baneling x16  
  128  9:04  Overlord  
  128  9:08  Extractor  
  127  9:10  Mutalisk  
  127  9:12  Extractor  
  127  9:13  Zergling x12  
  134  9:19  Zergling x8  
  134  9:22  Overlord  
  138  9:26  Overlord  
  138  9:27  Overlord  
  138  9:30  Infestation Pit, Zergling x2  
  138  9:38  Mutalisk x2  
  136  9:40  Zergling x8  
  140  9:52  Zergling x6  
Tags
 
Add a new tag
Caveats
  • Supply blocks, unpowered buildings, or Contaminate may cause inaccurate times.
  • Supply counts are checked every 10 seconds.